 Dungeon Crawl Stone Soup version 0.27-a0-1374-gc14e5d3922 (webtiles) character file.

Game seed: 9130230879453909185

130 Froggeryz the Cutter (level 5, 0/54 HPs)
             Began as an Octopode Berserker on June 29, 2021.
             Was a Believer of Trog.
             Splashed by Ijyb's acid (9 damage)
             ... on level 3 of the Dungeon.
             The game lasted 00:01:36 (1936 turns).

Froggeryz the Cutter (Octopode Berserker)           Turns: 1936, Time: 00:01:37

Health: 0/54       AC: -3    Str: 16    XL:     5   Next: 14%
Magic:  5/5        EV: 13    Int: 10    God:    Trog [**....]
Gold:   81         SH:  0    Dex: 12    Spells: 4/4 levels left

rFire    . . .     SeeInvis .   a - +0 short sword
rCold    . . .     Faith    .   (no shield)
rNeg     . . .     Spirit   .   (helmet restricted)
rPois    .         Reflect  .   (no amulet)
rElec    .         Harm     .   (no ring)
rCorr    .         Rampage  .   (no ring)
Will     .....                  (no ring)
Stlth    ..........             (no ring)
HPRegen  0.18/turn              (no ring)
MPRegen  0.09/turn              (no ring)
                                (no ring)
                                (no ring)

@: berserking, corroded, very quick
A: almost no armour, amphibious, 8 rings, camouflage 1, gelatinous body 1,
(nimble swimmer 1), tentacles
a: Renounce Religion, Berserk, Trog's Hand


You were on level 3 of the Dungeon.
You worshipped Trog.
Trog was pleased with you.
You visited 1 branch of the dungeon, and saw 3 of its levels.

You collected 81 gold pieces.

Inventory:

Hand Weapons
 a - a +0 short sword (weapon)
Scrolls
 d - a scroll of teleportation {unknown}
 e - a scroll of holy word {unknown}
 g - a scroll of fear {unknown}
 i - 2 scrolls of amnesia {unknown}
 j - a scroll of identify {unknown}
Potions
 b - 3 potions of curing {unknown}
 c - a potion of mutation {unknown}
 f - a potion of brilliance {unknown}
 h - 2 potions of magic {unknown}
 k - a potion of haste {unknown}
 l - a potion of lignification {unknown}
 m - a potion of heal wounds {unknown}


   Skills:
 - Level 3.0 Fighting
 * Level 5.0 Short Blades
 - Level 3.0 Dodging
 + Level 3.6 Stealth


You had 4 spell levels left.
You didn't know any spells.
Your spell library was empty.

Dungeon Overview and Level Annotations

Branches:
Dungeon (3/15)

Altars:

Annotations:
D:3 Ijyb


Innate Abilities, Weirdness & Mutations

You cannot wear most types of armour.
You are amphibious.
You can wear up to eight rings at the same time.
Your skin changes colour to match your surroundings (Stealth+).
Your rubbery body absorbs attacks. (AC +1, EV +1)
((You are camouflaged near water. (Stealth+)))
You have tentacles for arms and can constrict up to eight enemies at once.


Message History

Things that are here:
a +0 dagger; a +0 club
Found a stone staircase leading down.
No target in view!
Done exploring.
No target in view!
No target in view!
No target in view!
Done exploring.
Done exploring.
There is a stone staircase leading down here.
You climb downwards.
A jackal, a hobgoblin and Ijyb come into view.
Ijyb is wielding a +5 club and carrying a wand of acid (12).
Found a stone staircase leading down.
There is a stone staircase leading up here.
There are monsters nearby!
There are monsters nearby!
The helpless hobgoblin fails to defend itself.
You impale the hobgoblin!!
You kill the hobgoblin!
Trog accepts your kill.
The jackal barks!
A jackal comes into view. x2
Your Short Blades skill increases to level 5!
Ijyb shouts!
Ijyb hits you with a +5 club.
A bat comes into view.
You closely miss Ijyb. Your grab misses Ijyb. Ijyb hits you with a +5 club!
A red film seems to cover your vision as you go berserk!
You feel yourself moving faster!
You feel mighty!
The jackal barks!
Ijyb hits you with a +5 club. The bat hits you but does no damage.
You closely miss Ijyb. Your grab misses Ijyb. You squeeze Ijyb.
Ijyb is lightly wounded.
The bat completely misses you. The jackal closely misses you.
Ijyb zaps a wand.
The bolt of acid hits you!!
* * * LOW HITPOINT WARNING * * *
The acid corrodes you!
You are splashed with acid!
You die...

#### ..#
##.######
#.......#
#†...b..#
.##.#..<....#
#........h@..#
#..........g.#
#.##.#....>..#
# ...#.......#


hh# #.....### #.. #h....# #. ...#### ##.# You could see Ijyb, 2 jackals and a
bat.

Vanquished Creatures
  An orc priest (D:2)
  Robin (D:2)
  4 adders (D:2)
  A worm (D:2)
  A dart slug (D:1)
  2 orcs (D:2)
  3 bats
  An endoplasm (D:1)
  15 goblins
  6 hobgoblins
  3 kobolds
  A quokka (D:1)
  3 ball pythons
  3 frilled lizards
  2 rats (D:2)
47 creatures vanquished.

Notes
Turn   | Place    | Note
-------+----------+-------------------------------------------
     0 | D:1      | Froggeryz the Octopode Berserker began the quest for the
                  | Orb.
     0 | D:1      | Reached XP level 1. HP: 16/16 MP: 1/1
   205 | D:1      | Reached skill level 1 in Stealth
   225 | D:1      | Reached XP level 2. HP: 21/21 MP: 2/2
   237 | D:1      | You fall into a shaft and drop 1 floor!
   589 | D:1      | Found a faded altar of an unknown god.
   990 | D:2      | Reached XP level 3. HP: 16/26 MP: 3/3
  1249 | D:2      | Reached skill level 4 in Short Blades
  1292 | D:2      | Reached XP level 4. HP: 31/31 MP: 4/4
  1640 | D:2      | Noticed Robin
  1647 | D:2      | Reached ** piety under Trog
  1657 | D:2      | Reached XP level 5. HP: 22/36 MP: 5/5
  1662 | D:2      | Killed Robin
  1928 | D:3      | Noticed Ijyb
  1931 | D:3      | Reached skill level 5 in Short Blades
  1936 | D:3      | Splashed by Ijyb's acid

Illustrated notes

Levels and vault maps discovered:
D:1:      mrwooster_arrival_statue_3, layout_loops_ring,
          ebering_ecumenical_altar_abandoned
D:2:      layout_rooms, uniq_robin
D:3:      layout_loops_cross, uniq_ijyb, uniq_grinder, uniq_natasha

Skill      XL: |  1  2  3  4  5 |
---------------+----------------+-----
Stealth        | 1 2 3 |  3.6
Short Blades   | 4 5 |  5.0
Fighting       | |  3.0
Dodging        | |  3.0

Action                   |  1- 3 |  4- 6 || total
-------------------------+-------+-------++-------
Melee: Short sword       |    39 |    41 ||    80
       Constrict         |    10 |    10 ||    20
       Tentacles         |     7 |     6 ||    13
Invok: Berserk           |     2 |     3 ||     5
 Stab: Sleeping          |     7 |     1 ||     8
Armor: Skin              |     1 |     9 ||    10
Dodge: Dodged            |    22 |    36 ||    58

Table legend: (Time is in decaauts)
 A = Elapsed time spent in this place.
 B = Non-inter-level travel time spent in this place.
 C = Inter-level travel time spent in this place.
 D = Time resting spent in this place.
 E = Time spent auto-exploring this place.
 F = Levels seen in this place.
 G = Mean time per level.
                   A        B        C        D        E       F      G
               +--------+--------+--------+--------+--------+-----+--------+
         Total |   1958 |   1929 |     29 |    300 |   1377 |   3 |  652.7 |
       Dungeon |   1958 |   1929 |     29 |    300 |   1377 |   3 |  652.7 |
               +--------+--------+--------+--------+--------+-----+--------+

Top non-repeatable levels by time:
     D:2: 1045 daAuts
     D:1: 905 daAuts
     D:3: 7 daAuts
